 Dungeon Crawl Stone Soup version 0.29-a0-221-gceb61267dd (webtiles) character file.

Game seed: 16565577223722440382

56 sammy202020 the Covered (level 3, -3/23 HPs)
             Began as a Gargoyle Fighter on Feb 27, 2022.
             Killed from afar by Sigmund (5 damage)
             ... with a magic dart
             ... on level 2 of the Dungeon.
             The game lasted 00:04:05 (1050 turns).

sammy202020 the Covered (Gargoyle Fighter)          Turns: 1050, Time: 00:04:07

Health: -3/23      AC: 10    Str: 21    XL:     3   Next: 95%
Magic:  3/3        EV:  9    Int:  8    God:
Gold:   58         SH:  4    Dex:  9    Spells: 2/2 levels left

rFire   . . .      SeeInvis .   a - +0 flail
rCold   . . .      Faith    .   c - +0 buckler
rNeg    + . .      Spirit   .   b - +0 scale mail
rPois   ∞          Reflect  .   (no helmet)
rElec   +          Harm     .   (no cloak)
rCorr   .          Rampage  .   (no gloves)
Will    .....                   (no boots)
Stlth   ..........              (no amulet)
HPRegen 0.07/turn               (no ring)
MPRegen 0.08/turn               (no ring)

@: no status effects
A: sickness immunity, AC +3, negative energy resistance 1, electricity
resistance, torment resistance 1, petrification resistance
a: no special abilities


You were on level 2 of the Dungeon.
You visited 1 branch of the dungeon, and saw 2 of its levels.

You collected 58 gold pieces.

Inventory:

Hand Weapons
 a - a +0 flail (weapon)
Armour
 b - a +0 scale mail (worn)
 c - a +0 buckler (worn)
Wands
 j - a wand of acid (9)
Scrolls
 e - a scroll of summoning {unknown}
 f - a scroll of blinking {unknown}
 g - 2 scrolls of immolation {unknown}
 h - 2 scrolls of identify {unknown}
 i - 3 scrolls of teleportation {unknown}
Potions
 d - a potion of might
 k - a potion of curing {unknown}


   Skills:
 + Level 3.5 Fighting
 + Level 0.6(1.5) Axes
 + Level 2.3(2.6) Maces & Flails
 + Level 1.1(1.9) Staves
 + Level 3.7 Armour
 + Level 0.7 Dodging
 + Level 3.6 Shields


You had 2 spell levels left.
You didn't know any spells.
Your spell library contained the following spells:

 Spells                   Type           Power      Damage    Failure   Level
 Magic Dart               Conj           0%         1d3       83%         1
 Searing Ray              Conj           0%         2d4       93%         2
 Fulminant Prism          Conj/Hex       0%         3d6       100%        4


Dungeon Overview and Level Annotations

Branches:
Dungeon (2/15)

Altars:

Annotations:
D:2 Sigmund


Innate Abilities, Weirdness & Mutations

You are immune to sickness and miasma.
Your stone body is resilient. (AC +3)
You are immune to poison.
You resist negative energy. (rN+)
You are resistant to electric shocks. (rElec)
You are resistant to unholy torment.
You are immune to petrification.


Message History

Found a dagger.
You block the dart slug's attack.
You hit the dart slug.
The dart slug is heavily wounded.
Sigmund mumbles some strange words.
Sigmund flickers and vanishes!
Deactivating autopickup; reactivate with Ctrl-A.
The dart slug launches a dart at you. The slug dart misses you.
You hit the dart slug.
The dart slug is heavily wounded.
You sock the dart slug!
You kill the dart slug!
Something hits you!
No target in view!
No target in view!
Unknown command.
You block something's attack. Something hits you.
There is a strange disturbance nearby!
No target in view!
No target in view!
No target in view!
No target in view!
Something hits you.
You see here a dart slug corpse.
You closely miss something. Something hits you!
* * * LOW HITPOINT WARNING * * *
You miss something. You sock something! Something hits you.
* * * LOW HITPOINT WARNING * * *
You miss something. Something hits you but does no damage.
Sorry, you're not good enough to have a special ability.
You barely miss something.
You hear some strange, mumbled words.
A magic dart appears from out of thin air!
The magic dart hits you but does no damage.
You hear some strange, mumbled words.
A magic dart appears from out of thin air!
The magic dart hits you.
You die...

... #..# #.?.
######...####
............#
#.#.........############
#.##.##...............).
................@{......
............$##.........
....†###...#....)...####
###.........###.....#
............# #$....#
............# #.....#
............# #######
..........<.#
............#


There were no monsters in sight!

Vanquished Creatures
  2 adders (D:2)
  2 dart slugs (D:2)
  3 bats (D:1)
  2 endoplasms
  A giant cockroach (D:2)
  3 goblins (D:1)
  5 hobgoblins
  2 jackals (D:1)
  A quokka (D:2)
  3 ball pythons
  A frilled lizard (D:1)
  3 kobolds (D:1)
  2 rats (D:1)
30 creatures vanquished.

Notes
Turn   | Place    | Note
-------+----------+-------------------------------------------
     0 | D:1      | sammy202020 the Gargoyle Fighter began the quest for the
                  | Orb.
     0 | D:1      | Reached XP level 1. HP: 14/14 MP: 1/1
    62 | D:1      | Reached XP level 2. HP: 15/19 MP: 2/2
   248 | D:1      | Found a faded altar of an unknown god.
   904 | D:2      | Reached XP level 3. HP: 23/23 MP: 3/3
   909 | D:2      | Identified the +9 hand axe of Honour {drain, Will- Int+4
                  | SInv}
   959 | D:2      | Reached skill level 1 in Staves
  1005 | D:2      | Identified the -3 pair of gloves "Wobbicw" {rF++ rC- rN+
                  | Slay-4}
  1037 | D:2      | Noticed Sigmund
  1050 | D:2      | Killed from afar by Sigmund

Illustrated notes

Levels and vault maps discovered:
D:1:      lightli_arrival_lavapool, layout_rooms,
          shapermc_ecumenical_altar_hornbeckon, minmay_pentomino_s2
D:2:      layout_rooms, basic_altar, uniq_sigmund

Skill      XL: |  1  2  3 |
---------------+----------+-----
Staves         | 1 |  1.1
Fighting       | |  3.5
Axes           | |  0.6
Maces & Flails | |  2.3
Armour         | |  3.7
Dodging        | |  0.7
Shields        | |  3.6

Action                   || total
-------------------------++-------
Melee: Flail             ||   117
Armor: Scale mail        ||    67
Dodge: Dodged            ||    57
Block: Buckler           ||    28

Table legend: (Time is in decaauts)
 A = Elapsed time spent in this place.
 B = Non-inter-level travel time spent in this place.
 C = Inter-level travel time spent in this place.
 D = Time resting spent in this place.
 E = Time spent auto-exploring this place.
 F = Levels seen in this place.
 G = Mean time per level.
                   A        B        C        D        E       F      G
               +--------+--------+--------+--------+--------+-----+--------+
         Total |   1092 |   1056 |     36 |      0 |    768 |   2 |  546.0 |
       Dungeon |   1092 |   1056 |     36 |      0 |    768 |   2 |  546.0 |
               +--------+--------+--------+--------+--------+-----+--------+

Top non-repeatable levels by time:
     D:1: 922 daAuts
     D:2: 169 daAuts
